 Dungeon Crawl Stone Soup version 0.26-a0-812-g31a745ddcd (webtiles) character file.

Game seed: 17582568692196014020

107 night the Grave Robber (level 4, 0/30 HPs)
             Began as a Demonspawn Necromancer on Nov 30, 2020.
             Slain by a black bear (9 damage)
             ... on level 3 of the Dungeon.
             The game lasted 00:04:32 (2163 turns).

night the Grave Robber (Demonspawn Necromancer)     Turns: 2163, Time: 00:04:32

Health: 0/30       AC:  6    Str:  8    XL:     4   Next: 57%
Magic:  2/8        EV: 12    Int: 17    God:
Gold:   55         SH:  0    Dex: 14    Spells: 6/8 levels left

rFire    . . .     SeeInvis .   k - +2 dagger (elec)
rCold    . . .     Faith    .   (no shield)
rNeg     . . .     Spirit   .   j - +0 leather armour
rPois    .         Reflect  .   (no helmet)
rElec    .         Harm     .   q - +2 cloak
rCorr    .         Rampage  .   (no gloves)
MR       .....                  (no boots)
Stlth    ++........             (no amulet)
HPRegen  0.10/turn              (no ring)
MPRegen  0.11/turn              (no ring)

@: no status effects
A: claws 2, talons 1
a: no special abilities


You were on level 3 of the Dungeon.
You visited 1 branch of the dungeon, and saw 3 of its levels.

You collected 55 gold pieces.

Inventory:

Hand Weapons
 g - a +0 dagger
 k - a +2 dagger of electrocution (weapon)
Missiles
 n - 21 poisoned darts (quivered)
Armour
 a - a +0 robe
 c - a +0 scale mail
 j - a +0 leather armour (worn)
 q - a +2 cloak (worn)
Jewellery
 e - an uncursed amulet of reflection {unknown}
Scrolls
 b - 2 scrolls of teleportation {unknown}
 f - 4 scrolls of identify {unknown}
 h - a scroll of amnesia {unknown}
 i - a scroll of fog {unknown}
 l - a scroll of noise {unknown}
 o - a scroll of immolation {unknown}
Potions
 d - a potion of magic {unknown}
 m - 2 potions of ambrosia {unknown}
 p - a potion of mutation {unknown}
 r - a potion of haste {unknown}
 s - a potion of might {unknown}
 t - a potion of curing {unknown}


   Skills:
 - Level 2.3 Dodging
 - Level 2.4 Stealth
 + Level 1.0 Unarmed Combat
 + Level 2.9 Spellcasting
 + Level 5.1 Necromancy


You had 6 spell levels left.
You knew the following spells:

 Your Spells              Type           Power        Failure   Level
a - Pain                  Necr           ###.         3%          1
b - Animate Skeleton      Necr           ###...       3%          1

Your spell library contained the following spells:

 Spells                   Type           Power        Failure   Level
 Vampiric Draining        Necr           ###.......   10%         3
 Animate Dead             Necr           ###.......   30%         4
 Agony                    Necr           ###.....     65%         5


Dungeon Overview and Level Annotations

Branches:
Dungeon (3/15)

Altars:
The Shining One


Innate Abilities, Weirdness & Mutations

You have very sharp fingernails.
You have sharp toenails.


Message History

Aim: a black bear (severely wounded, chance to defeat MR: 78%)
The black bear writhes in agony.
The goblin hits you but does no damage.
The black bear goes berserk!
The black bear rages.
You closely miss the black bear. Your kick misses the black bear.
The black bear is severely wounded.
The black bear barely misses you. The black bear completely misses you.
The black bear claws you but does no damage.
The black bear closely misses you. The black bear barely misses you.
The black bear claws you.
* * * LOW HITPOINT WARNING * * *
You hit the black bear. Your kick misses the black bear.
The black bear is severely wounded.
The black bear barely misses you. x2
The black bear claws you but does no damage.
You hit the black bear but do no damage.
You claw the black bear, but do no damage.
The black bear is severely wounded.
The black bear bites you!
You die...

##### #.#
#.#.####.#.###..## ....##
#.# #.....##.#.#.(....
##...#####.#
#.###.##.#.#♣♣♣♣♣.
...#†.....#...##.# #...<#.#
♣♣♣♣
†#...#####†##.##.###.####.#
♣♣._♣ .##.## .#
...........#.# ♣.♣.. ..#.#
.# #####.####.#.##♣♣♣♣.
....#
#.#######.####.#..♣♣♣♣.♣
..###
#....gh@>.....#..#.♣♣..♣
..#
#####.########.#.#..♣♣..
..# #. #.#.##.♣♣♣♣ #.# #.
#.#.#♣..... #.# #.
#...##.♣.♣. #.# #.
######..##..... #.# #.
#..........#### #.# #.
#.####..#### #.#### #.#
#..#


You could see a black bear (berserk) and a goblin.

Vanquished Creatures
  3 adders
  3 gnolls
  2 dart slugs (D:1)
  2 leopard geckos (D:3)
  An orc (D:3)
  A giant cockroach (D:3)
  6 goblins
  3 hobgoblins
  A quokka (D:2)
  7 bats
  3 frilled lizards
  12 kobolds
  4 rats (D:1)
48 creatures vanquished.

Notes
Turn   | Place    | Note
-------+----------+-------------------------------------------
     0 | D:1      | night the Demonspawn Necromancer began the quest for the
                  | Orb.
     0 | D:1      | Reached XP level 1. HP: 13/13 MP: 3/3
     2 | D:1      | Learned a level 1 spell: Animate Skeleton
   371 | D:1      | Reached skill level 2 in Dodging
   384 | D:1      | Reached skill level 2 in Stealth
   384 | D:1      | Gained mutation: You have sharp toenails. [demonic
                  | ancestry]
   384 | D:1      | Reached XP level 2. HP: 19/19 MP: 5/5
   810 | D:2      | Gained mutation: You have sharp fingernails. [demonic
                  | ancestry]
   810 | D:2      | Reached XP level 3. HP: 18/24 MP: 4/6
   980 | D:2      | Found a glowing golden altar of the Shining One.
  1126 | D:2      | You fall into a shaft and drop 1 floor!
  1509 | D:3      | Gained mutation: You have very sharp fingernails. [demonic
                  | ancestry]
  1509 | D:3      | Reached XP level 4. HP: 28/30 MP: 3/8
  1606 | D:3      | Noticed a black bear
  1647 | D:3      | Reached skill level 5 in Necromancy
  1917 | D:3      | Reached skill level 1 in Unarmed Combat
  2116 | D:3      | Found a faded altar of an unknown god.
  2163 | D:3      | Slain by a black bear

Illustrated notes

Levels and vault maps discovered:
D:1:      dpeg_arrival_long_road, layout_loops_ring, minmay_split_cup_large
D:2:      layout_basic, tso_metal_star, nemelex_dance_club_becter
D:3:      kennysheep_goblin_castle, layout_loops_ring,
          chequers_ecumenical_altar_grove, uniq_robin

Skill      XL: |  1  2  3  4 |
---------------+-------------+-----
Dodging        | 2 |  2.3
Stealth        | 2 |  2.4
Necromancy     | 5 |  5.1
Unarmed Combat | 1 |  1.0
Spellcasting   | |  2.9

Action                   |  1- 3 |  4- 6 || total
-------------------------+-------+-------++-------
Melee: Dagger            |    55 |    32 ||    87
       Unarmed           |     5 |       ||     5
       Kick              |     8 |     4 ||    12
 Cast: Pain              |    12 |    11 ||    23
       Animate Skeleton  |     7 |     2 ||     9
 Stab: Sleeping          |     1 |     2 ||     3
Armor: Scale mail        |     3 |       ||     3
       Leather armour    |    12 |    20 ||    32
Dodge: Dodged            |    33 |    37 ||    70

Table legend: (Time is in decaauts)
 A = Elapsed time spent in this place.
 B = Non-inter-level travel time spent in this place.
 C = Inter-level travel time spent in this place.
 D = Time resting spent in this place.
 E = Time spent auto-exploring this place.
 F = Levels seen in this place.
 G = Mean time per level.
                   A        B        C        D        E       F      G
               +--------+--------+--------+--------+--------+-----+--------+
         Total |   2194 |   2182 |     12 |    445 |   1289 |   3 |  731.3 |
       Dungeon |   2194 |   2182 |     12 |    445 |   1289 |   3 |  731.3 |
               +--------+--------+--------+--------+--------+-----+--------+

Top non-repeatable levels by time:
     D:1: 826 daAuts
     D:3: 696 daAuts
     D:2: 671 daAuts
